 Dungeon Crawl Stone Soup version 0.30-a0-867-g305f33218d (webtiles) character file.

Game seed: 6992950829411479067

116 PimpSugar the Magician (level 4, -1/32 HPs)
             Began as a Demonspawn Hedge Wizard on Mar 10, 2023.
             Slain by Sigmund
             ... wielding a +2 scythe of venom
              (4 damage)
             ... on level 3 of the Dungeon.
             The game lasted 00:13:33 (2239 turns).

PimpSugar the Magician (Demonspawn Hedge Wizard)    Turns: 2239, Time: 00:13:33

Health: -1/32      AC:  5    Str: 10    XL:     4   Next: 69%
Magic:  6/9        EV: 12    Int: 18    God:
Gold:   135        SH:  0    Dex: 20    Spells: 4/9 levels left

rFire   . . .      SeeInvis .    w - +4 quarterstaff (chaos)
rCold   . . .      Faith    .    (shield currently unavailable)
rNeg    . . .      Spirit   .    i - +0 leather armour
rPois   .          Reflect  .    c - +0 hat
rElec   .          Rampage  .    x - +1 cloak
rCorr   .                        (no gloves)
Will    .....                    (no boots)
Stlth   +++                      (no amulet)
HPRegen 0.25/turn                u - +6 ring of dexterity
MPRegen 0.11/turn                (no ring)

@: lethally poisoned (-1 -> -10)
A: thin skeletal structure 1
a: no special abilities


You were on level 3 of the Dungeon.
You visited 1 branch of the dungeon, and saw 3 of its levels.

You collected 135 gold pieces.

Inventory:

Hand Weapons
 a - a +0 dagger
 f - a +0 rapier
 w - a +4 quarterstaff of chaos (weapon)
Missiles
 n - 18 stones
 o - 5 javelins (quivered)
Armour
 b - a +0 robe
 c - a +0 hat (worn)
 i - a +0 leather armour (worn)
 m - a +0 ring mail of fire resistance
 x - a +1 cloak (worn)
Magical Staves
 t - a staff of death
Jewellery
 u - a +6 ring of dexterity (left hand)
Wands
 v - a wand of polymorph (8)
Scrolls
 d - a scroll of vulnerability {unknown}
Potions
 e - a potion of invisibility
 g - a potion of flight {unknown}
 h - a potion of heal wounds {unknown}
 j - a potion of lignification {unknown}
 k - a potion of degeneration {unknown}
 p - 2 potions of might {unknown}
 r - 2 potions of berserk rage


   Skills:
 + Level 1.0 Fighting
 + Level 0.2 Staves
 + Level 2.1 Dodging
 + Level 2.2 Stealth
 * Level 3.4 Spellcasting
 * Level 2.1 Conjurations
 + Level 1.4 Summonings
 + Level 0.3 Necromancy
 + Level 1.3 Translocations
 + Level 0.5 Transmutations
 + Level 0.0 Earth Magic
 + Level 0.7 Poison Magic
 + Level 0.3 Evocations


You had 4 spell levels left.
You knew the following spells:

 Your Spells              Type           Power      Damage    Failure   Level
a - Magic Dart            Conj           40%        1d5       9%          1
b - Sandblast             Erth           6%         2d5       22%         1
c - Call Imp              Summ           8%         N/A       19%         2
d - Sting                 Tmut/Pois      20%        1d4       16%         1

Your spell library contained the following spells:

 Spells                   Type           Power      Damage    Failure   Level
 Beastly Appendage        Tmut           10%        N/A       17%         1
 Blink                    Tloc           14%        N/A       19%         2
 Slow                     Hex            12%        N/A       22%         1
 Wereblood                Tmut           5%         N/A       26%         2
 Cigotuvi's Dreadful Rot  Necr/Pois/Air  8%         N/A       28%         2
 Passwall                 Tmut/Erth      3%         N/A       28%         2
 Poisonous Vapours        Pois/Air       8%         N/A       28%         2
 Mephitic Cloud           Conj/Pois/Air  6%         N/A       38%         3
 Stone Arrow              Conj/Erth      14%        3d7       38%         3
 Spider Form              Tmut/Pois      5%         N/A       43%         3
 Ignite Poison            Fire/Tmut/Pois 4%         N/A       47%         3
 Sticky Flame             Conj/Fire      7%         2d3       80%         4
 Olgreb's Toxic Radiance  Pois           5%         N/A       83%         4
 Ignition                 Fire           1%         3d3       100%        8


Dungeon Overview and Level Annotations

Branches:
Dungeon (3/15)

Altars:

Annotations:
D:3 Sigmund


Innate Abilities, Weirdness & Mutations

You have a somewhat thin skeletal structure. (Dex +2, Stealth+)


Message History

Aim: Sigmund, wielding a +2 scythe of venom, wearing a +0 robe and carrying a wand of flame (18) (asleep, ally target, 100% to hit)
The blast of sand hits Sigmund.
Sigmund is lightly wounded.
Sigmund shouts!
Sigmund flickers, as though insubstantial.
Sigmund zaps a wand.
The puff of flame hits you.
Casting: Sandblast (safe; 22% risk of failure)
Confirm with . or Enter, or press ? or * to list all spells.
You can't see any susceptible monsters within range! (Use Z to cast anyway.)
Casting: Sandblast (safe; 22% risk of failure)
Confirm with . or Enter, or press ? or * to list all spells.
You can't see any susceptible monsters within range! (Use Z to cast anyway.) Unknown command.
Sigmund zaps a wand.
The puff of flame hits you!
Casting: Sandblast (safe; 22% risk of failure)
Confirm with . or Enter, or press ? or * to list all spells.
Aiming: Sting (safe; 16% risk of failure)
Press: ? - help, Shift-Dir - straight line, f/p - Sigmund
Aim: Sigmund, wielding a +2 scythe of venom, wearing a +0 robe and carrying a wand of flame (16) (lightly wounded, ally target, 64% to hit)
The sting hits Sigmund.
Sigmund is poisoned.
Sigmund is moderately wounded.
You swap places.
Sigmund says, "Don't worry, I'll kill you fast."
Sigmund zaps a wand.
The puff of flame hits your shadow imp!
Sigmund mumbles some strange words.
Sigmund flickers and vanishes!
Deactivating autopickup; reactivate with Ctrl-A.
You hear a zap.
A puff of flame appears from out of thin air!
The puff of flame hits your shadow imp!
Your shadow imp dies!
Your shadow imp disappears in a puff of smoke!
Something hits you!
* * * LOW HITPOINT WARNING * * *
You are lethally poisoned!
You sock something!
Nothing appears to happen.
* * * LOW HITPOINT WARNING * * *
You feel very sick. Something hits you.
You die...

### ...
#.# #.#
#.# #.#
#.#
#@########
#.........
##.#......
#.# .....
#.#
........#
#.#
##.....#
#.#
#.....#
#.#
#.....#
#.#
#.....#


There were no monsters in sight!

Vanquished Creatures
  Jessica (D:2)
  Terence (D:2)
  2 dart slugs (D:1)
  2 orcs (D:3)
  3 endoplasms (D:1)
  A goblin (D:2)
  4 hobgoblins
  3 jackals (D:1)
  A quokka (D:2)
  A kobold (D:1)
  2 rats
  A bush (D:2)
22 creatures vanquished.

Vanquished Creatures (collateral kills)
  Crazy Yiuf (D:2)
  2 bats (D:1)
  An endoplasm (D:1)
  A giant cockroach (D:1)
  A quokka (D:1)
6 creatures vanquished.

Vanquished Creatures (others)
  A fungus (D:2)
1 creature vanquished.

Grand Total: 29 creatures vanquished

Notes
Turn   | Place    | Note
-------+----------+-------------------------------------------
     0 | D:1      | PimpSugar the Demonspawn Hedge Wizard began the quest for
                  | the Orb.
     0 | D:1      | Reached XP level 1. HP: 13/13 MP: 4/4
    97 | D:1      | Reached skill level 1 in Translocations
   126 | D:1      | Learned a level 1 spell: Sting
   337 | D:1      | Gained mutation: You have a somewhat thin skeletal
                  | structure. (Dex +2, Stealth+) [demonic ancestry]
   337 | D:1      | Reached XP level 2. HP: 19/19 MP: 0/6
   540 | D:1      | Learned a level 2 spell: Call Imp
  1029 | D:2      | Noticed Jessica
  1041 | D:2      | Killed Jessica
  1042 | D:2      | Reached XP level 3. HP: 12/25 MP: 0/7
  1310 | D:2      | Noticed Terence
  1332 | D:2      | Killed Terence
  1333 | D:2      | Reached XP level 4. HP: 17/31 MP: 1/9
  1907 | D:2      | Found a runed translucent door.
  1908 | D:2      | Noticed Crazy Yiuf
  2007 | D:2      | Killed Crazy Yiuf
  2008 | D:2      | Reached skill level 1 in Fighting
  2178 | D:3      | Learned a level 1 spell: Sandblast
  2225 | D:3      | Noticed Sigmund
  2239 | D:3      | Slain by Sigmund

Illustrated notes

Levels and vault maps discovered:
D:1:      ncdulo_lavacross, layout_basic, chequers_serial_rivers_small_a
D:2:      layout_rooms, minmay_pentomino_u2, uniq_crazy_yiuf_cottage,
          uniq_terence, uniq_jessica
D:3:      minmay_chambers_of_twos, layout_basic, uniq_robin, uniq_grinder,
          uniq_sigmund

Skill      XL: |  1  2  3  4 |
---------------+-------------+-----
Translocations | 1 |  1.3
Stealth        | 2 |  2.2
Dodging        | 2 |  2.1
Fighting       | 1 |  1.0
Conjurations   | 2 |  2.1
Staves         | |  0.2
Spellcasting   | |  3.4
Summonings     | |  1.4
Necromancy     | |  0.3
Transmutations | |  0.5
Poison Magic   | |  0.7
Evocations     | |  0.3

Action                     |  1- 3 |  4- 6 || total
---------------------------+-------+-------++-------
  Melee: Dagger            |    37 |   160 ||   197
         Punch             |     1 |     4 ||     5
         Staff             |     9 |   115 ||   124
         Quarterstaff      |       |     3 ||     3
   Cast: Magic Dart        |    34 |     4 ||    38
         Sting             |     8 |     1 ||     9
         Call Imp          |     6 |     8 ||    14
         Sandblast         |       |     2 ||     2
    Use: Potion            |     2 |       ||     2
         Scroll            |       |     5 ||     5
 Armour: Robe              |     4 |       ||     4
         Leather armour    |    35 |     1 ||    36
  Dodge: Dodged            |    59 |       ||    59

Table legend: (Time is in decaauts)
 A = Elapsed time spent in this place.
 B = Non-inter-level travel time spent in this place.
 C = Inter-level travel time spent in this place.
 D = Time resting spent in this place.
 E = Time spent auto-exploring this place.
 F = Levels seen in this place.
 G = Mean time per level.
                   A        B        C        D        E       F      G
               +--------+--------+--------+--------+--------+-----+--------+
         Total |   2264 |   2134 |    130 |    186 |   1032 |   3 |  754.7 |
       Dungeon |   2264 |   2134 |    130 |    186 |   1032 |   3 |  754.7 |
               +--------+--------+--------+--------+--------+-----+--------+

Top non-repeatable levels by time:
     D:2: 1132 daAuts
     D:1: 1031 daAuts
     D:3: 100 daAuts
